 Dungeon Crawl Stone Soup version 0.31-a0-986-g5e6e4ef867 (webtiles) character file.

Game seed: 10785260743901398026

760472 Crabhammer the Grand Master (level 27, -4/226 HPs)
             Began as a Merfolk Shapeshifter on Nov 10, 2023.
             Was the Champion of Wu Jian.
             Slain by a doom hound (8 damage)
             ... on level 1 of Tartarus on Nov 21, 2023.
             The game lasted 09:00:14 (58477 turns).

Crabhammer the Grand Master (Merfolk Shapeshifter) Turns: 58477, Time: 09:00:16

Health: -4/226     AC: 20    Str: 15      XL:     27
Magic:  0/28       EV: 25    Int: 12      God:    Wu Jian [******]
Gold:   9588       SH: 21    Dex: 20 (24) Spells: 38/47 levels left

rFire   + +          +
                       - Unarmed
rCold   + + +        D - +5 kite shield {reflect}
rNeg    + + +        F - +2 scale mail of Noofaxug {rElec rN+ Regen+}
rPois   ∞            j - +2 hat
rElec   +            I - +2 cloak {Will+}
rCorr   .            C - +3 pair of gauntlets of War {Slay+5}
SInv    .            v - +0 pair of boots "Pimostrag" {rF++}
Will    ++...        i - amulet of Emof {Spirit -Tele Rampage rC+++ Regen+}
Stlth   ++++++++     R - ring of Abeff {rPois rF+ MP-9 Slay+4}
HPRegen 2.17/turn    E - ring of willpower
MPRegen 0.21/turn

%: no teleportation, reflection, guardian spirit
@: death-form, doom-hounded, wreathed by umbra, studying 2 skills, weak-willed
A: vile attack, torment immunity, no potions, (nimble swimmer 2), mertail,
antennae 1, strong-willed 2, screaming 1, inability to read after injury 1
}: 5/15 runes: decaying, serpentine, slimy, silver, abyssal
a: Siphon Essence, Begin Untransformation, Renounce Religion, Wall Jump,
Serpent's Lash, Heavenly Storm


You were on level 1 of Tartarus.
You worshipped Wu Jian.
Wu Jian was exalted by your worship.
You were an undying horror.
You visited 14 branches of the dungeon, and saw 58 of its levels.
You visited the Abyss 5 times.
You also visited: Ice Cave and Wizlab.

You collected 10301 gold pieces.
You spent 713 gold pieces at shops.

Inventory:

Missiles
 h - 37 javelins (quivered)
 l - 2 throwing nets
 u - 42 poisoned darts
 w - 17 atropa-tipped darts
 y - 8 curare-tipped darts
 V - 4 datura-tipped darts
Armour
 j - a +2 hat (worn)
 v - the +0 pair of boots "Pimostrag" (worn) {rF++}
   (You bought it in a shop on level 2 of the Vaults)

   rF++:      It greatly protects you from fire.
 C - the +3 pair of gauntlets of War (worn) {Slay+5}
   (You found it on level 5 of the Dungeon)

   Slay+5:    It affects your accuracy & damage with ranged weapons and melee
   (+5).
 D - a +5 kite shield of reflection (worn)
 F - the +2 scale mail of Noofaxug (worn) {rElec rN+ Regen+}
   (You found it on level 3 of the Depths)

   rElec:     It insulates you from electricity.
   rN+:       It protects you from negative energy.
   Regen+:    It increases your rate of health regeneration.
 I - a +2 cloak of willpower (worn)
Jewellery
 i - the amulet of Emof (around neck) {Spirit -Tele Rampage rC+++ Regen+}
   (You found it on level 5 of the Pits of Slime)

   [amulet of guardian spirit]

   Spirit:    It causes incoming damage to be divided between your reserves of
   health and magic.
   rC+++:     It renders you almost immune to cold.
   -Tele:     It prevents most forms of teleportation.
   Regen+:    It increases your rate of health regeneration.
   Rampage:   It bestows one free step when moving towards enemies.
 A - the ring of the Mage {Wiz Archmagi}
   (You took it off a frost giant on level 3 of the Depths)

   [ring of wizardry]

   Wiz:       It improves your spell success rate.
   Archmagi:  It increases the power of your magical spells.
 B - a ring of see invisible
 E - a ring of willpower (right hand)
 K - a ring of resist corrosion
 O - a ring of flight
 R - the ring of Abeff (left hand) {rPois rF+ MP-9 Slay+4}
   (You found it in a wizard's laboratory)

   [ring of slaying]

   Slay+4:    It affects your accuracy & damage with ranged weapons and melee
   (+4).
   rF+:       It protects you from fire.
   rPois:     It protects you from poison MP-9: It affects your magic capacity
   (-9).
Talismans
 c - a talisman of death (active)
 S - the granite talisman of Roxki {rF+ Will- rCorr Int+2}
   (You found it on level 5 of the Lair of Beasts)

   [granite talisman]

   Int+2:     It affects your intelligence (+2).
   rF+:       It protects you from fire.
   Will-:     It decreases your willpower.
   rCorr:     It protects you from acid and corrosion.
Wands
 d - a wand of flame (93)
 g - a wand of mindburst (7)
 p - a wand of charming (38)
 r - a wand of acid (31)
 J - a wand of iceblast (42)
 M - a wand of polymorph (19)
 P - a wand of digging (17)
Scrolls
 m - 5 scrolls of torment
 n - 5 scrolls of revelation
 s - 23 scrolls of teleportation
 t - 5 scrolls of fear
 z - 9 scrolls of fog
 G - 14 scrolls of poison
 L - 8 scrolls of enchant armour
 Q - 8 scrolls of blinking
 W - 7 scrolls of butterflies
 Y - a scroll of silence
Potions
 a - 2 potions of resistance
 b - 6 potions of might
 f - 4 potions of heal wounds
 k - 7 potions of invisibility
 q - 9 potions of attraction
 x - 31 potions of curing
 H - 4 potions of cancellation
 N - 5 potions of berserk rage
 X - 5 potions of haste
 Z - 8 potions of enlightenment
Miscellaneous
 e - a lightning rod (4/4)
 o - the horn of Geryon


   Skills:
 * Level 20.7 Fighting
 + Level 10.2 Throwing
 + Level 6.9 Armour
 O Level 27 Dodging
 O Level 27 Stealth
 - Level 18.0 Shields
 O Level 27 Unarmed Combat
 * Level 10.8 Spellcasting
 * Level 9.2 Translocations
 + Level 3.8 Ice Magic
 * Level 8.0 Air Magic
 + Level 2.2 Evocations
 O Level 27 Shapeshifting


You had 38 spell levels left.
You knew the following spells:

 Your Spells              Type           Power      Damage    Failure   Level
a - Ozocubu's Armour      Ice            15%        N/A       34%         3
b - Vhi's Electric Charg  Tloc/Air       54%        N/A       16%         4
c - Blink                 Tloc           56%        N/A       1%          2

Your spell library contained the following spells:

 Spells                   Type           Power      Damage    Failure   Level
 Swiftness                Air            25%        N/A       6%          3
 Shock                    Conj/Air       64%        1d7       11%         1
 Passage of Golubria      Tloc           28%        N/A       13%         4
 Poisonous Vapours        Pois/Air       32%        N/A       17%         2
 Airstrike                Air            12%        2d(2-18)  21%         4
 Volatile Blastmotes      Fire/Tloc      34%        2d12      26%         3
 Cigotuvi's Dreadful Rot  Necr/Pois/Air  24%        N/A       28%         2
 Ensorcelled Hibernation  Hex/Ice        22%        N/A       36%         2
 Foxfire                  Conj/Fire      24%        2x1d5     50%         1
 Kiss of Death            Conj/Necr      24%        2d7       50%         1
 Magic Dart               Conj           24%        1d4       50%         1
 Necrotise                Necr           24%        1d5       50%         1
 Sting                    Tmut/Pois      24%        1d4       50%         1
 Summon Small Mammal      Summ           24%        N/A       50%         1
 Iskenderun's Mystic Bla  Conj/Tloc      17%        2d5       63%         4
 Call Imp                 Summ           12%        N/A       65%         2
 Searing Ray              Conj           12%        2d4       65%         2
 Sublimation of Blood     Necr           6%         N/A       65%         2
 Wereblood                Tmut           6%         N/A       65%         2
 Summon Lightning Spire   Summ/Air       16%        N/A       73%         4
 Call Canine Familiar     Summ           6%         N/A       86%         3
 Confusing Touch          Hex            6%         N/A       86%         3
 Ignite Poison            Fire/Tmut/Pois 6%         N/A       86%         3
 Stone Arrow              Conj/Erth      12%        3d7       86%         3
 Summon Guardian Golem    Hex/Summ       6%         N/A       86%         3
 Tukima's Dance           Hex            6%         N/A       86%         3
 Summon Ice Beast         Ice/Summ       11%        N/A       95%         4
 Arcjolt                  Conj/Air       8%         1d18      97%         5
 Freezing Cloud           Conj/Ice/Air   7%         6-21      97%         5
 Silence                  Hex/Air        8%         N/A       97%         5
 Anguish                  Hex/Necr       3%         N/A       99%         4
 Animate Armour           Summ/Erth      12%        N/A       99%         4
 Animate Dead             Necr           6%         N/A       99%         4
 Cause Fear               Hex            3%         N/A       99%         4
 Dispel Undead            Necr           6%         3d8       99%         4
 Fulminant Prism          Conj/Hex       3%         3d5       99%         4
 Leda's Liquefaction      Hex/Erth       3%         N/A       99%         4
 Olgreb's Toxic Radiance  Pois           6%         N/A       99%         4
 Petrify                  Tmut/Erth      6%         N/A       99%         4
 Sticky Flame             Conj/Fire      6%         2d3       99%         4
 Borgnjor's Vile Clutch   Necr/Erth      3%         N/A       100%        5
 Fireball                 Conj/Fire      3%         3d4       100%        5
 Lee's Rapid Deconstruct  Erth           3%         3d5*      100%        5
 Metabolic Englaciation   Hex/Ice        5%         N/A       100%        5
 Summon Mana Viper        Hex/Summ       6%         N/A       100%        5
 Yara's Violent Unravell  Hex/Tmut       3%         3d4       100%        5
 Bombard                  Conj/Erth      3%         9d1       100%        6
 Death Channel            Necr           3%         N/A       100%        6
 Plasma Beam              Fire/Air       8%         2x1d18    100%        6
 Simulacrum               Ice/Necr       5%         N/A       100%        6
 Starburst                Conj/Fire      3%         6d3       100%        6
 Haunt                    Necr/Summ      3%         N/A       100%        7
 Monstrous Menagerie      Summ           3%         N/A       100%        7
 Ozocubu's Refrigeration  Ice            7%         4d9       100%        7
 Summon Hydra             Summ           3%         N/A       100%        7
 Ignition                 Fire           3%         3d4       100%        8
 Infestation              Necr           3%         N/A       100%        8
 Lehudib's Crystal Spear  Conj/Erth      3%         10d2      100%        8
 Maxwell's Capacitive Co  Air            12%        ∞         100%        8
 Death's Door             Necr           3%         N/A       100%        9
 Dragon's Call            Summ           3%         N/A       100%        9
 Polar Vortex             Ice            7%         12d1*     100%        9


Dungeon Overview and Level Annotations

Branches:
Dungeon (15/15)            Temple (1/1) D:4            Lair (5/5) D:8
  Swamp (4/4) Lair:2        Snake (4/4) Lair:3        Slime (5/5) Lair:5
    Orc (2/2) D:12            Elf (3/3) Orc:2        Vaults (5/5) D:13
  Crypt (3/3) Vaults:3       Tomb (0/3) Crypt:3      Depths (4/4) D:15
   Hell (visited)             Dis (0/7) Hell            Geh (0/7) Hell
    Coc (0/7) Hell            Tar (1/7) Hell            Zot (5/5) Depths:4
  IceCv (visited)          WizLab (visited)

Altars:
Ashenzari
Cheibriados
Dithmenos
Elyvilon
Fedhas
Gozag
Hepliaklqana
Kikubaaqudgha
Makhleb
Nemelex Xobeh
Okawaru
Qazlal
Ru
Sif Muna
Trog
Uskayaw
Vehumet
Wu Jian
Xom
Yredelemnul
Zin
The Shining One

Shops:
D:4 :   Orc:2 [*[(   Elf:3 *   Snake:1 (   Snake:3 (((   Vaults:2 [[
Vaults:4 [

Portals:
Hell: Depths:1 Depths:2 Depths:3 Depths:4
Abyss: Depths:3
Pandemonium: Depths:2 Depths:4
Ziggurat: Depths:3

Annotations:
D:3 1 runed translucent door, Crazy Yiuf
D:7 3 runed translucent doors, Maxmaps's ghost, novice NaSh
Zot:3 3 runed translucent doors, Bealaq's ghost, legendary GnFE


Innate Abilities, Weirdness & Mutations

You are an undying horror.
Your melee and unarmed attacks drain, slow and weaken victims.
You are immune to unholy pain and torment.
You cannot drink.
You are immune to poison.
((You are very nimble when in or above water. (Stealth+, EV+, Speed+++)))
Your lower body shifts to a powerful aquatic tail in water.
You have a pair of small antennae on your head.
You are highly strong-willed. (Will++)
You occasionally shout uncontrollably at your foes.
You occasionally lose the ability to read scrolls when taking damage.


Message History

* * * LOW HITPOINT WARNING * * *
The putrid mouth closely misses you. You block the doom hound's attack.
The doom hound misses you.
You block the profane servitor's attack.
The profane servitor hits you but does no damage.
You cannot drink potions in your current state!
Okay, then.
Unknown command.
Unknown command.
Unknown command.
You pound the doom hound into fine dust!!!
You kill the doom hound!
The Council accepts your kill. You block the doom hound's attack.
The doom hound claws you.
* * * LOW HITPOINT WARNING * * *
The profane servitor misses you.
You block the profane servitor's attack. x2
The profane servitor hits you but does no damage.
You pummel the putrid mouth!!
The putrid mouth decays.
The putrid mouth is almost destroyed.
The profane servitor barely misses you.
You block the profane servitor's attack.
The doom hound bites you but does no damage.
The doom hound claws you but does no damage.
You block the doom hound's attack.
The doom hound claws you but does no damage.
The putrid mouth closely misses you. The putrid mouth misses you.
The profane servitor closely misses you.
The profane servitor hits you but does no damage.
The putrid mouth howls a warning cry!
You block the profane servitor's attack.
The profane servitor completely misses you.
You pound the putrid mouth into fine dust!!!
You destroy the putrid mouth!
The Council accepts your kill. The doom hound bites you!
* * * LOW HITPOINT WARNING * * *
You block the doom hound's attack. Something completely misses you.
The doom hound misses you. The doom hound claws you!
You die...

#.###.##.#.. ##
#......#.#.###...###
.............#.#....
.......#..........#
#................
.#......A.#'#'#'#
........(##2W...##
#.....ZZWA{A...+
.....#..Z#1hzAZ..#
#.# #..Z'WhAW.>.+
......#ZD.....#
#......+.......'..
........##.....##..
.#.......#+#'#'# .
#....#.. ....° ....
.....


You could see a bone dragon, 4 profane servitors, 2 doom hounds, a Tzitzimitl, 2
eidola, 2 putrid mouths, a spectral black mamba, a spectral anaconda, a spectral
spriggan defender, a spectral titan, a spectral juggernaut and a hellion.

Vanquished Creatures
  the Royal Jelly (Slime:5)
  7 dread liches
  5 orbs of fire
  5 ancient liches
  2 juggernauts (Depths:4)
  the Lernaean hydra (Swamp:4)
  2 caustic shrikes
  Josephina (Zot:4)
  A Killer Klown (Zot:5)
  Margery (Vaults:3)
  The ghost of Ytsage the Victor of a Thousand Battles, a veteran GnWn of Okawaru (Depths:3)
  Geryon (Hell)
  8 golden dragons
  2 profane servitors (Abyss:4)
  6 bone dragons
  A spectral shard shrike (Tar:1)
  2 doom hounds (Tar:1)
  Jorgrun (D:14)
  23 tentacled monstrosities
  2 electric golems
  Rupert (D:13)
  The ghost of Ityliega the Executioner, an adept HOFi of Gozag (Snake:1)
  12 liches
  3 tainted leviathans (Tar:1)
  3 walking crystal tomes
  25 Orb Guardians (Zot:5)
  8 quicksilver dragons
  A shard shrike skeleton (Crypt:2)
  A titan (Depths:4)
  2 deep elf blademasters (Elf:3)
  27 acid blobs
  2 deep elf master archers (Elf:3)
  A walking frostbound tome (Depths:4)
  The ghost of Isysim the Warrior, an adept OgFi of the Shining One (Swamp:2)
  7 sphinxes
  3 walking divine tomes
  4 searing wretches
  14 ancient champions
  A thorn hunter (Swamp:2)
  22 tentacled starspawn
  7 death cobs
  6 Executioners (Abyss:4)
  Frances (Elf:1)
  11 azure jellies
  13 draconian monks
  Roxanne (D:15)
  15 storm dragons
  8 nagarajas
  Donald (Swamp:4)
  5 draconian knights
  13 tengu reavers
  Aizul (Vaults:3)
  3 daevas (Abyss:4)
  A fenstrider witch (Swamp:3)
  11 rockslimes
  15 fire giants
  14 frost giants
  4 revenants
  2 balrugs (Abyss:4)
  8 shadow dragons
  2 ghost moths
  4 iron dragons
  Louise (Swamp:2)
  5 deep elf sorcerers
  6 draconian scorchers
  21 vault wardens
  8 draconian shifters
  A ghost moth (shapeshifter) (Depths:3)
  2 cacodemons
  20 ironbound preservers
  A juggernaut skeleton (Crypt:3)
  4 angels
  3 deep elf elementalists
  11 reapers
  A caustic shrike skeleton (Crypt:1)
  4 spriggan defenders
  11 draconian stormcallers
  2 orc warlords
  2 war gargoyles
  7 quicksilver oozes
  34 very ugly things
  7 draconian annihilators
  4 starflowers (Abyss:4)
  7 ghouls
  26 stone giants
  7 formless jellyfish
  11 vampire knights
  8 ironbound thunderhulks
  6 deep elf demonologists
  9 green draconians
  5 bunyips
  10 black draconians
  4 lorocyprocas
  8 yellow draconians
  4 eleionomae
  16 red draconians
  10 deep elf annihilators
  6 halazid warlocks
  3 spark wasps
  2 putrid mouths
  13 purple draconians
  13 deep elf death magi
  12 dire elephants
  17 white draconians
  A crystal guardian (Vaults:3)
  A merfolk javelineer (Depths:1)
  Snorg (D:12)
  16 ettins
  3 blizzard demons
  13 eidola
  A quicksilver dragon zombie (WizLab)
  8 jiangshi
  15 fire dragons
  An entropy weaver (Vaults:4)
  17 yaktaur captains
  2 green deaths (Abyss:4)
  4 deep elf high priests
  7 rakshasas
  The ghost of Newt the Fighter, a journeyman DrSh of Okawaru (D:8)
  A hell beast (Depths:2)
  13 ice dragons
  A peacekeeper (Vaults:3)
  2 quicksilver dragon skeletons
  30 vault guards
  9 great orbs of eyes
  3 salamander tyrants
  A sphinx zombie (Crypt:2)
  2 ghost crabs
  5 centaur warriors
  5 ogre magi
  24 hydras
  12 ironbound frosthearts
  6 spriggan air magi
  2 death knights
  11 alligators
  3 spriggan skeletons
  9 anacondas
  6 boulder beetles
  A stoker (Hell)
  A catoblepas (Depths:2)
  16 naga warriors
  A boulder beetle (shapeshifter) (Depths:4)
  A fenstrider witch skeleton (Crypt:1)
  30 dancing weapons
  6 death yaks (Lair:3)
  9 deep troll shamans
  5 spriggan berserkers (Depths:4)
  6 deep troll earth magi
  A demonic crawler (Abyss:3)
  20 two-headed ogres
  A bennu skeleton (Crypt:3)
  4 hell hogs
  5 tengu warriors
  A holy swine (Abyss:4)
  15 thrashing horrors
  An occultist (Depths:2)
  2 shock serpents
  31 hell knights
  Sonja (D:12)
  A titan zombie (Hell)
  6 vampire magi
  A spectral dire elephant (Tar:1)
  Urug (Orc:2)
  10 spriggans
  16 deep elf knights
  15 naga sharpshooters
  10 soul eaters
  Nergalle (Lair:2)
  17 wretched stars
  7 sun demons
  4 sixfirhies (Abyss:4)
  A spectral bunyip (Tar:1)
  A spark wasp zombie (WizLab)
  4 shadow wraiths
  2 titan skeletons
  2 spatial maelstroms
  5 iron trolls (Depths:3)
  10 swamp dragons
  67 skeletal warriors
  8 spriggan druids
  2 storm dragon skeletons (Crypt:3)
  A death drake (Abyss:4)
  4 salamander mystics
  3 goliath frogs
  6 skysharks
  2 sea snakes (Snake:2)
  A spectral spark wasp (WizLab)
  12 flayed ghosts
  74 deep trolls
  10 lindwurms
  9 deep elf archers
  4 glowing orange brains
  16 ironbound convokers
  10 naga ritualists
  2 shadow demons
  An anaconda zombie (Abyss:3)
  A bunyip skeleton (Crypt:2)
  A lindwurm (shapeshifter) (Depths:1)
  A shadow dragon zombie (Crypt:1)
  5 arcanists
  An obsidian statue (Zot:5)
  A spectral wolf spider (WizLab)
  The ghost of Lobster4 the Conjurer, a novice DECj (D:8)
  2 iron giant skeletons
  9 bog bodies
  2 alligator zombies (Hell)
  24 phantasmal warriors
  A jorogumo zombie (Crypt:2)
  9 mana vipers
  25 necromancers
  6 orc knights
  2 anaconda skeletons (Crypt:3)
  16 deep elf zephyrmancers
  10 harpies
  3 wolf spider zombies (WizLab)
  2 human zombies (Vaults:4)
  29 deep elf pyromancers
  2 orc sorcerers (Orc:2)
  46 ugly things
  An oklob plant (Orc:1)
  2 iron dragon zombies
  A shadow dragon skeleton (Crypt:3)
  A shining eye (shapeshifter) (Depths:3)
  2 shining eyes (Slime:2)
  17 salamanders
  3 worldbinders (Abyss:4)
  A fire giant zombie (Depths:2)
  5 will-o-the-wisps
  25 moths of wrath
  21 elephants
  5 cyclopes
  6 draconians (Abyss:4)
  An alligator skeleton (Hell)
  2 iron dragon skeletons
  2 manticores
  2 spectral spriggans (WizLab)
  3 guardian serpents
  A spectral centaur (Tar:1)
  2 stone giant skeletons
  46 black mambas
  21 vault sentinels
  A stone giant zombie (Crypt:1)
  A jorogumo skeleton (Crypt:3)
  5 ice statues
  2 molten gargoyles (Lair:5)
  25 naga magi
  5 apocalypse crabs
  2 eyes of devastation
  2 torpor snails (Lair:5)
  2 orange demons
  A fire giant skeleton (Depths:2)
  Joseph (D:8)
  12 cane toads
  2 titan simulacra
  10 rust devils
  7 smoke demons
  9 unseen horrors
  A hellion (Tar:1)
  A gargoyle (D:12)
  A yaktaur zombie (Vaults:4)
  6 efreet
  16 komodo dragons
  A bunyip simulacrum (Crypt:1)
  2 dire elephant skeletons
  11 rime drakes
  51 yaktaurs
  A yaktaur (shapeshifter) (D:14)
  An alligator snapping turtle skeleton (Crypt:3)
  A death yak zombie (Crypt:3)
  A white draconian zombie (Crypt:1)
  5 tormentors
  9 freezing wraiths
  An iron giant simulacrum (Abyss:4)
  6 tengu conjurers
  An anaconda simulacrum (IceCv)
  7 hellwings
  2 spectral harpies (WizLab)
  2 unseen horror skeletons
  A human skeleton (Vaults:4)
  A silent spectre (Tar:1)
  6 ice devils
  16 ancient zymes
  A tengu simulacrum (Vaults:4)
  An iron troll skeleton (Crypt:3)
  A shadow dragon simulacrum (Zot:4)
  A bloated husk (Swamp:4)
  2 harpy zombies (WizLab)
  6 trolls
  3 meliai (D:15)
  A red devil (Hell)
  A hydra zombie (Crypt:1)
  4 tyrant leeches
  12 hornets
  22 raiju
  5 blink frogs (Lair:4)
  5 polar bears
  2 hydra skeletons (Hell)
  2 harpy skeletons
  A dream sheep (shapeshifter) (Vaults:5)
  5 glass eyes
  21 flying skulls
  A slime creature (shapeshifter) (Vaults:5)
  Sigmund (D:3)
  A culicivora (shapeshifter) (D:14)
  An ettin zombie (Crypt:1)
  A centaur simulacrum (Crypt:2)
  63 slime creatures
  An air elemental (Elf:2)
  A jumping spider (shapeshifter) (Depths:3)
  A shadow (Abyss:4)
  7 ynoxinuls
  7 wyverns
  2 vampires
  45 large abominations
  11 water elementals
  14 wraiths
  8 basilisks
  A tyrant leech zombie (Crypt:1)
  A black mamba skeleton (Crypt:3)
  4 fire elementals
  3 redbacks (Vaults:4)
  79 yaks
  6 chaos spawn
  132 starcursed masses
  A golden eye (Abyss:4)
  3 fire bats (Depths:1)
  8 neqoxecs
  A black draconian simulacrum (Zot:4)
  A death yak simulacrum (IceCv)
  3 vampire mosquitoes (Swamp:1)
  19 steam dragons
  3 acid dragons
  A warg (Orc:1)
  38 nagas
  15 swamp worms
  11 water moccasins
  A two-headed ogre zombie (Crypt:1)
  4 hydra simulacra (Hell)
  8 hell hounds
  2 glowing shapeshifter zombies
  2 moth of wrath simulacra (Zot:4)
  Duvessa (D:4)
  3 naga skeletons (Crypt:3)
  A merfolk skeleton (Crypt:2)
  12 swamp drakes (Swamp:4)
  2 sky beasts
  6 orc warriors
  2 black bears
  3 ice beasts (Lair:3)
  A tengu (shapeshifter) (Abyss:4)
  26 ogres
  10 wolves (Lair:1)
  8 centaurs
  A snapping turtle skeleton (Abyss:4)
  A phantom (D:6)
  A kobold brigand (D:9)
  2 elf zombies (Elf:1)
  12 bullfrogs
  A scorpion (D:4)
  A necrophage (Swamp:4)
  4 earth elementals
  2 cane toad simulacra (IceCv)
  A two-headed ogre simulacrum (IceCv)
  3 gnoll sergeants
  Dowan (D:4)
  31 small abominations
  3 elephant simulacra (IceCv)
  2 howler monkeys
  2 troll skeletons
  An electric eel (Snake:2)
  A crimson imp (Abyss:3)
  5 lava snakes (Lair:5)
  2 quasits (Abyss:3)
  14 jellies
  10 orc priests
  4 hounds
  A sleepcap (D:4)
  A centaur skeleton (Crypt:3)
  3 gnoll boudas
  4 iguanas
  13 orc wizards
  13 hell rats
  A polar bear simulacrum (IceCv)
  3 troll simulacra (IceCv)
  5 spriggan simulacra
  A wolf simulacrum (IceCv)
  A hound skeleton (Crypt:3)
  Robin (D:3)
  27 gnolls
  5 adders
  4 naga simulacra
  A swamp drake zombie (Crypt:2)
  5 white imps
  11 ufetubi
  A lava snake skeleton (Crypt:1)
  A worm (D:2)
  5 dart slugs
  51 orcs
  5 endoplasms
  3 giant cockroaches
  14 goblins
  5 hobgoblins
  8 jackals
  8 kobolds
  4 quokkas
  6 ball pythons
  4 bats
  A goblin skeleton (Crypt:1)
  An orc zombie (Crypt:1)
  5 rats
  A rat zombie (Crypt:1)
  3 lurking horrors (Abyss:3)
  2 spectral weapons (Elf:2)
  15 starspawn tentacles
3088 creatures vanquished.

Vanquished Creatures (others)
  A rockslime (Slime:5)
  A lorocyproca (Abyss:4)
  A naga warrior (Snake:4)
  An obsidian statue (Crypt:1)
  A guardian serpent (Snake:4)
  A ghost moth simulacrum (Zot:4)
  3 bloated husks (Swamp:1)
  A water elemental (Depths:1)
  A harpy simulacrum (Abyss:4)
  A swamp drake (Swamp:4)
  A phantom (D:5)
  4 small abominations
  An orc priest (D:12)
  A starcursed mass (Abyss:3)
  21 foxfires
  6 lurking horrors
  47 starspawn tentacles
93 creatures vanquished.

Grand Total: 3181 creatures vanquished

Notes
Turn   | Place    | Note
-------+----------+-------------------------------------------
     0 | D:1      | Crabhammer the Merfolk Shapeshifter began the quest for the
                  | Orb.
     0 | D:1      | Reached XP level 1. HP: 15/15 MP: 1/1
   202 | D:1      | Reached XP level 2. HP: 21/21 MP: 2/2
   704 | D:2      | Reached XP level 3. HP: 20/26 MP: 3/3
  1271 | D:3      | Noticed Robin
  1286 | D:3      | Reached XP level 4. HP: 18/32 MP: 1/4
  1316 | D:4      | Reached skill level 5 in Unarmed Combat
  1430 | D:4      | Reached XP level 5. HP: 22/37 MP: 2/5
  1677 | D:4      | Reached skill level 5 in Shapeshifting
  1738 | D:4      | Found Alilipn's Book Boutique.
  1776 | D:4      | Found a staircase to the Ecumenical Temple.
  1785 | Temple   | Entered the Ecumenical Temple
  1809 | Temple   | Became a worshipper of the Wu Jian Council
  1953 | D:4      | Noticed Duvessa
  1953 | D:4      | Noticed Dowan
  1996 | D:4      | Killed Duvessa
  1997 | D:4      | Reached XP level 6. HP: 12/44 MP: 2/6
  1999 | D:4      | HP: 2/66 [Dowan/shard of ice (9)]
  2007 | D:4      | Killed Dowan
  2235 | D:3      | Noticed Sigmund
  2507 | D:3      | HP: 1/44 [something (6)]
  2509 | D:3      | Killed Sigmund
  2510 | D:3      | Reached XP level 7. HP: 2/50 MP: 0/7
  2780 | D:3      | Reached * piety under Wu Jian
  2807 | D:3      | Killed Robin
  2902 | D:3      | Found a runed translucent door.
  2903 | D:3      | Noticed Crazy Yiuf
  3537 | D:5      | Entered Level 5 of the Dungeon
  4034 | D:5      | Noticed a steam dragon
  4366 | D:5      | Reached XP level 8. HP: 53/57 MP: 6/8
  4429 | D:5      | Found the +3 pair of gauntlets of War {Slay+5}
  4918 | D:5      | Found a large runed translucent door.
  4918 | D:5      | Found a large runed translucent door.
  5104 | D:5      | Reached ** piety under Wu Jian
  5119 | D:5      | Found an opulent altar of Gozag.
  5124 | D:5      | Found an ancient bone altar of Kikubaaqudgha.
  5640 | D:6      | Reached skill level 10 in Unarmed Combat
  6027 | D:7      | Identified 2 scrolls of acquirement
  6027 | D:7      | Acquired 843 gold pieces
  6029 | D:7      | Acquired the scarf "Ifirhoir" {rC+ rF+, Str+3}
  6058 | D:7      | Reached XP level 9. HP: 64/64 MP: 9/9
  6114 | D:7      | Found a runed translucent gate.
  6115 | D:7      | Found a runed translucent gate.
  6116 | D:7      | Found a runed translucent gate.
  6119 | D:7      | Noticed Maxmaps's ghost (novice NaSh)
  6119 | D:7      | Noticed a troll
  6576 | D:8      | Found a runed translucent gate.
  6577 | D:8      | Found a runed translucent gate.
  6578 | D:8      | Found a runed translucent gate.
  6579 | D:8      | Noticed Lobster4's ghost (novice DECj)
  6579 | D:8      | Noticed Newt's ghost (journeyman DrSh)
  6769 | D:8      | Found a staircase to the Lair.
  6916 | D:8      | Reached skill level 10 in Shapeshifting
  6931 | D:8      | Reached XP level 10. HP: 53/70 MP: 5/10
  6933 | D:8      | Reached skill level 5 in Dodging
  6935 | D:8      | Reached *** piety under Wu Jian
  7027 | D:8      | Noticed Joseph
  7041 | D:8      | Killed Joseph
  7208 | D:8      | Found an iron altar of Okawaru.
  7209 | D:8      | Found a shimmering altar of Xom.
  7214 | D:8      | Found a shimmering blue altar of Sif Muna.
  7745 | D:8      | Gained mutation: You possess an exceptional clarity of
                  | mind. [potion of mutation]
  7850 | D:9      | Noticed a two-headed ogre
  7861 | D:9      | Killed a two-headed ogre
  8286 | D:9      | Reached skill level 1 in Throwing
  8293 | D:9      | Reached skill level 1 in Evocations
  8353 | D:9      | Found a stormy altar of Qazlal.
  8589 | D:9      | Noticed a tengu warrior
  8598 | D:9      | Killed a tengu warrior
  8599 | D:9      | Reached skill level 5 in Fighting
  8599 | D:9      | Reached XP level 11. HP: 75/79 MP: 6/11
  8816 | D:10     | Entered Level 10 of the Dungeon
  9029 | D:10     | Noticed a two-headed ogre
  9034 | D:10     | Killed a two-headed ogre
  9779 | D:11     | Reached **** piety under Wu Jian
 10108 | D:11     | Noticed a green ugly thing
 10126 | D:11     | Killed a green ugly thing
 10162 | D:11     | Reached skill level 1 in Stealth
 10162 | D:11     | Reached skill level 1 in Shields
 10443 | D:11     | Noticed a red ugly thing
 10466 | D:11     | Killed a red ugly thing
 10701 | D:12     | Noticed Sonja
 10740 | D:12     | Noticed a two-headed ogre
 10754 | D:12     | Killed a two-headed ogre
 10772 | D:12     | Noticed a boulder beetle
 10776 | D:12     | Noticed a cyclops
 10856 | Lair:1   | Entered Level 1 of the Lair of Beasts
 10927 | Lair:1   | Reached XP level 12. HP: 75/89 MP: 8/12
 11861 | Lair:2   | Noticed Nergalle
 11861 | Lair:2   | Noticed a skyshark
 11933 | Lair:2   | Reached skill level 15 in Unarmed Combat
 11936 | Lair:2   | Reached ***** piety under Wu Jian
 12179 | Lair:2   | Reached skill level 5 in Throwing
 12254 | Lair:2   | Reached XP level 13. HP: 95/95 MP: 13/13
 12977 | Lair:2   | Reached skill level 15 in Shapeshifting
 13012 | Lair:2   | Found a staircase to the Swamp.
 13201 | Lair:2   | Killed Nergalle
 13268 | Lair:3   | Found a frozen archway.
 13277 | IceCv    | Entered an ice cave
 13366 | IceCv    | Noticed a reaper
 13376 | IceCv    | Reached ****** piety under Wu Jian
 13376 | IceCv    | Killed a reaper
 13526 | IceCv    | Reached skill level 5 in Shields
 13691 | Lair:3   | Found a staircase to the Snake Pit.
 13899 | Lair:3   | Reached XP level 14. HP: 101/101 MP: 12/14
 14325 | Lair:3   | Identified the +1 sling of the Firefly {speed, rC+}
 14359 | Lair:3   | Learned a level 3 spell: Ozocubu's Armour
 14364 | Lair:3   | Learned a level 4 spell: Vhi's Electric Charge
 14560 | Lair:3   | Reached skill level 10 in Dodging
 15750 | Lair:5   | Entered Level 5 of the Lair of Beasts
 15775 | Lair:5   | Identified the granite talisman of Roxki {rF+ Will- rCorr
                  | Int+2}
 16091 | Lair:5   | Found a staircase to the Slime Pits.
 16432 | Lair:5   | Reached XP level 15. HP: 107/107 MP: 15/15
 16680 | Lair:5   | Found a large runed translucent door.
 16681 | Lair:5   | Found a large runed translucent door.
 17288 | D:12     | Reached skill level 5 in Stealth
 17296 | D:12     | Killed Sonja
 17304 | D:12     | Noticed Snorg
 17312 | D:12     | Killed Snorg
 17500 | D:12     | Found a staircase to the Orcish Mines.
 18136 | Orc:1    | Entered Level 1 of the Orcish Mines
 18478 | Orc:2    | Entered Level 2 of the Orcish Mines
 18645 | Orc:2    | Reached XP level 16. HP: 115/115 MP: 16/16
 18654 | Orc:2    | Found Himonazu's Antique Weapon Emporium.
 18654 | Orc:2    | Found Zougatuo's Antique Armour Boutique.
 18655 | Orc:2    | Found Plog's Armour Shoppe.
 18655 | Orc:2    | Found Ytocush's General Store.
 18904 | Orc:2    | Found a staircase to the Elven Halls.
 18908 | Orc:2    | Noticed Urug
 18914 | Orc:2    | Killed Urug
 19411 | Snake:1  | Entered Level 1 of the Snake Pit
 19449 | Snake:1  | Found a transporter.
 19468 | Snake:1  | Found a transporter.
 19618 | Snake:1  | You fall into a shaft and drop 1 floor!
 20038 | Snake:1  | Found Fafashre's Antique Weapon Shoppe.
 20039 | Snake:1  | Found a runed translucent door.
 20119 | Snake:1  | Noticed Ityliega's ghost (adept HOFi)
 21320 | Snake:3  | Reached XP level 17. HP: 120/120 MP: 17/17
 21629 | Snake:3  | Found Nukkyimp's Antique Weapon Shop.
 21631 | Snake:3  | Found Borilaf's Antique Weapon Boutique.
 21633 | Snake:3  | Found Xijah's Antique Weapon Shop.
 21862 | Snake:4  | Entered Level 4 of the Snake Pit
 22396 | Snake:4  | Got a serpentine rune of Zot
 22646 | Snake:4  | Reached skill level 15 in Dodging
 23245 | Swamp:1  | Entered Level 1 of the Swamp
 23421 | Swamp:1  | Reached XP level 18. HP: 127/127 MP: 18/18
 23726 | Swamp:2  | Noticed Louise
 23735 | Swamp:2  | Killed Louise
 23829 | Swamp:2  | Found a runed translucent door.
 23831 | Swamp:2  | Noticed Isysim's ghost (adept OgFi)
 23871 | Swamp:2  | Killed Isysim's ghost
 24001 | Swamp:2  | Identified the +4 trident of Truncation {heavy, Will+}
 24687 | Swamp:4  | Entered Level 4 of the Swamp
 25025 | Swamp:4  | Noticed Donald
 25029 | Swamp:4  | Killed Donald
 25035 | Swamp:4  | Noticed the 27-headed Lernaean hydra
 25281 | D:8      | Killed Newt's ghost
 25287 | D:8      | Killed Lobster4's ghost
 25464 | D:13     | Found a gate to the Vaults.
 25848 | D:13     | Noticed Rupert
 25852 | D:13     | Killed Rupert
 25978 | D:14     | Reached XP level 19. HP: 134/134 MP: 19/19
 26463 | D:15     | Entered Level 15 of the Dungeon
 26463 | D:15     | Noticed Jorgrun
 26467 | D:14     | Killed Jorgrun
 26553 | D:15     | Noticed Roxanne
 26810 | D:15     | Found a staircase to the Depths.
 27003 | D:15     | Killed Roxanne
 27081 | Vaults:1 | Entered Level 1 of the Vaults
 27726 | Vaults:1 | Reached XP level 20. HP: 141/141 MP: 20/20
 28751 | Vaults:2 | Found Idue's Armour Shoppe.
 28754 | Vaults:2 | Paralysed by a sphinx for 4 turns
 28801 | Vaults:2 | Found Toergh's Armour Shoppe.
 29307 | Vaults:2 | Reached skill level 27 in Unarmed Combat
 29782 | Vaults:3 | Noticed Margery
 29791 | Vaults:3 | Killed Margery
 29802 | Vaults:3 | Identified the +7 ring mail of the Desolation of Salt
                  | {rElec rC+}
 29896 | Vaults:3 | Reached skill level 10 in Stealth
 29899 | Vaults:3 | Identified the staff "Ajutiusa" {*Corrode rC+ rN+ Str+3
                  | Necro}
 29937 | Vaults:3 | Identified the serpent talisman of Bygeit {rElec}
 29937 | Vaults:3 | Noticed Aizul
 29942 | Vaults:3 | Killed Aizul
 30086 | Vaults:3 | Reached XP level 21. HP: 148/148 MP: 21/21
 30394 | Vaults:3 | Found a staircase to the Crypt.
 30808 | WizLab   | Identified the "Milets"
 30823 | Vaults:4 | Found a magical portal.
 30828 | WizLab   | Entered Borgnjor's Mausoleum
 31245 | WizLab   | Identified the ring of Abeff {rPois rF+ MP-9 Slay+4}
 31925 | Vaults:4 | Reached XP level 22. HP: 157/157 MP: 13/22
 32001 | Vaults:4 | Paralysed by a sphinx for 4 turns
 32187 | Vaults:4 | Found Cothrod's Armour Shoppe.
 32609 | Vaults:5 | Identified the of Rosasir
 32609 | Crypt:3  | Identified the of Coating
 32609 | Crypt:3  | Identified the of Jiolofig
 32609 | Elf:1    | Identified the "Kironol"
 32609 | Elf:1    | Entered Level 1 of the Elven Halls
 32690 | Elf:1    | Noticed Frances
 32698 | Elf:1    | Killed Frances
 32822 | Elf:1    | Reached skill level 10 in Throwing
 32907 | Elf:1    | Found a radiant altar of Vehumet.
 33613 | Elf:2    | Found a runed translucent gate.
 33614 | Elf:2    | Found a runed translucent gate.
 33614 | Elf:2    | Found a runed translucent gate.
 34215 | Elf:3    | Identified the "Fuceciag"
 34215 | Elf:3    | Entered Level 3 of the Elven Halls
 34286 | Elf:3    | Found Cuoxaex's General Store.
 34586 | Elf:3    | Reached XP level 23. HP: 131/164 MP: 14/23
 34591 | Abyss:3  | Cast into level 3 of the Abyss (a deep elf sorcerer)
 34665 | Abyss:3  | Found a corrupted altar of Lugonu.
 34666 | Abyss:3  | Found a corrupted altar of Lugonu.
 34858 | Abyss:3  | Reached skill level 10 in Fighting
 34889 | Abyss:3  | Found a corrupted altar of Lugonu.
 34901 | Abyss:3  | Found a corrupted altar of Lugonu.
 34901 | Abyss:3  | Found a corrupted altar of Lugonu.
 35014 | Abyss:3  | Found a corrupted altar of Lugonu.
 35139 | Abyss:3  | Found a corrupted altar of Lugonu.
 35178 | Abyss:3  | Paralysed by accursed screaming for 2 turns
 35213 | Abyss:3  | Paralysed by accursed screaming for 1 turns
 35416 | Abyss:4  | Found a corrupted altar of Lugonu.
 35700 | Abyss:4  | Gained mutation: You are frail. (-10% HP) [a neqoxec]
 35821 | Abyss:4  | Reached XP level 24. HP: 158/158 MP: 14/23
 35823 | Elf:3    | Escaped the Abyss
 35838 | Abyss:4  | Cast into level 4 of the Abyss (a deep elf demonologist)
 35920 | Abyss:4  | Identified the of Reasullu
 36032 | Elf:3    | Escaped the Abyss
 36048 | Elf:3    | Identified the +6 trident of Resourcefulness {protect,
                  | Dex+2}
 36318 | Elf:3    | Identified the -1 buckler "Qoenty" {rPois}
 36400 | Elf:3    | Identified the +2 pair of boots of Daffodils {rF+ rC-
                  | Dex+2}
 37024 | Swamp:4  | Reached skill level 15 in Stealth
 37059 | Swamp:4  | Killed the 27-headed Lernaean hydra
 37240 | Swamp:4  | Got a decaying rune of Zot
 37714 | Crypt:1  | Entered Level 1 of the Crypt
 37800 | Crypt:1  | Found a transporter.
 37800 | Crypt:1  | Found a transporter.
 37800 | Crypt:1  | Noticed a dread lich
 37980 | Crypt:1  | Paralysed by a vampire knight for 3 turns
 38825 | Snake:1  | Killed Ityliega's ghost
 39906 | Crypt:3  | Entered Level 3 of the Crypt
 39940 | Crypt:3  | Reached skill level 27 in Dodging
 39981 | Crypt:3  | Identified the +3 chain mail of the Delicate God {SInv}
 39984 | Crypt:3  | Noticed a dread lich
 39989 | Crypt:3  | Killed a dread lich
 40010 | Crypt:3  | Reached XP level 25. HP: 163/163 MP: 14/23
 40136 | Crypt:3  | Identified the +4 robe "Naocrax" {Contam rC+++ rN++ Int+2}
 40275 | Crypt:3  | Paralysed by a vampire knight for 4 turns
 40357 | Crypt:3  | Found a staircase to the Tomb.
 40446 | Crypt:3  | Found an ancient bone altar of Kikubaaqudgha.
 40459 | Crypt:3  | Noticed a dread lich
 40464 | Crypt:3  | Killed a dread lich
 40827 | Crypt:3  | Reached skill level 10 in Shields
 40934 | Crypt:3  | Found the +7 sceptre of Torment {pain, torment}
 41262 | Depths:1 | Entered Level 1 of the Depths
 41569 | Depths:1 | Found a gateway to Hell.
 42425 | Depths:2 | Found a one-way gate leading to the halls of Pandemonium.
 42704 | Depths:2 | Found a stormy altar of Qazlal.
 42917 | Depths:2 | Reached XP level 26. HP: 180/180 MP: 14/23
 42917 | Depths:2 | Gained mutation: You have hidden genetic potential.
                  | [mutagenic glow]
 42931 | Depths:2 | Gained mutation: Potions are less effective at restoring
                  | your health. [mutagenic glow]
 42950 | Depths:2 | Gained mutation: You are vulnerable to heat. (rF-)
                  | [mutagenic glow]
 43147 | Depths:3 | Reached skill level 15 in Fighting
 43239 | Depths:3 | Found a one-way gateway to a ziggurat.
 43538 | Depths:3 | Found a one-way gate to the infinite horrors of the Abyss.
 43565 | Depths:3 | Found a runed translucent gate.
 43565 | Depths:3 | Found a runed translucent gate.
 43565 | Depths:3 | Noticed Ytsage's ghost (veteran GnWn)
 43567 | Depths:3 | Found a runed translucent gate.
 43612 | Depths:3 | Killed Ytsage's ghost
 43726 | Depths:3 | Found a runed translucent door.
 43788 | Depths:3 | Found a burning altar of Makhleb.
 43939 | Depths:3 | Identified the +2 scale mail of Noofaxug {rElec rN+ Regen+}
 44107 | Depths:3 | Found a shimmering altar of Xom.
 44110 | Depths:3 | Found a shimmering altar of Xom.
 44114 | Depths:3 | Found a shimmering altar of Xom.
 44116 | Depths:3 | Found a shimmering altar of Xom.
 44213 | Depths:3 | You fall into a shaft and drop 1 floor!
 44213 | Depths:4 | Entered Level 4 of the Depths
 44262 | Depths:4 | Reached skill level 15 in Shields
 44356 | Depths:4 | Found an opulent altar of Gozag.
 44359 | Depths:4 | Found a blossoming altar of Fedhas.
 44360 | Depths:4 | Found a sacrificial altar of Ru.
 44467 | Depths:4 | Noticed a juggernaut
 44475 | Depths:4 | Killed a juggernaut
 44628 | Depths:4 | Noticed a juggernaut
 44640 | Depths:4 | Killed a juggernaut
 44698 | Depths:4 | Reached XP level 27. HP: 189/189 MP: 14/23
 44726 | Depths:4 | Gained mutation: Your skin changes colour to match your
                  | surroundings (Stealth+). [hidden potential]
 45360 | Depths:4 | Found a gate to the Realm of Zot.
 45737 | Vaults:5 | Entered Level 5 of the Vaults
 45750 | Vaults:5 | Noticed an ancient lich
 45757 | Vaults:5 | Killed an ancient lich
 45822 | Vaults:5 | Noticed an ancient lich
 45825 | Vaults:5 | Killed an ancient lich
 45989 | Vaults:5 | Reached skill level 1 in Ice Magic
 45990 | Vaults:5 | Noticed a dread lich
 45993 | Vaults:5 | Reached skill level 1 in Spellcasting
 45993 | Vaults:5 | Killed a dread lich
 46041 | Vaults:5 | Noticed an ancient lich
 46046 | Vaults:5 | Killed an ancient lich
 46078 | Vaults:5 | Learned a level 2 spell: Blink
 46432 | Vaults:5 | Identified the +11 sling of Fapsix {freeze, rC+ Str-3 Int+6
                  | SInv}
 46444 | Vaults:5 | Reached skill level 1 in Translocations
 46451 | Vaults:5 | Identified the +1 ring mail "Ypetril" {Regen+ Str+3}
 46795 | Vaults:5 | Noticed an ancient lich
 46802 | Vaults:5 | Killed an ancient lich
 46818 | Vaults:5 | Identified the +4 war axe "Kolo" {freeze, rElec rF- rCorr}
 46904 | Vaults:5 | Identified the +0 trident of the Thieving Saviour {freeze,
                  | rPois rC++ Int-2 Dex-4 Stlth+}
 46916 | Vaults:5 | Got a silver rune of Zot
 46919 | Vaults:5 | Identified the +4 dagger "Momoyj" {flame, Will+}
 46957 | Vaults:5 | Identified the +1 demon blade of Defiance {drain, Drain
                  | +Blink rN+}
 47379 | Slime:1  | Entered Level 1 of the Pits of Slime
 47391 | Slime:2  | Gained mutation: You are agile. (Dex +4, Str/Int -1)
                  | [hidden potential]
 47391 | Slime:2  | Lost mutation: You have hidden genetic potential. [hidden
                  | potential expressed]
 47427 | Slime:5  | Entered Level 5 of the Pits of Slime
 47595 | Slime:4  | Reached skill level 5 in Spellcasting
 47891 | Slime:5  | Noticed the Royal Jelly
 47921 | Slime:5  | Killed the Royal Jelly
 47937 | Slime:5  | Identified the +7 mace "Ostann" {freeze, rF- Int+5 Dex-5
                  | Stlth+}
 47942 | Slime:5  | Identified the +1 trident of Lyita {pain, rC+}
 47945 | Slime:5  | Identified the +3 robe of Ohebiese {rElec rN+}
 47980 | Slime:5  | Identified the +10 battleaxe of Noon {drain, rC+ rN++ Will+
                  | Str+3}
 48004 | Slime:5  | Identified the +1 pair of gloves "Qeux" {+Blink Dex+2}
 48020 | Slime:5  | Identified the +8 flail "Qepe Igo" {freeze, Str+2}
 48021 | Slime:5  | Identified the +1 robe of Submission {rF+ Will+ Regen+
                  | Dex-2}
 48046 | Slime:5  | Identified the amulet of Emof {Spirit -Tele Rampage rC+++
                  | Regen+}
 48111 | Slime:5  | Got a slimy rune of Zot
 48709 | Depths:3 | Voluntarily entered the Abyss.
 48709 | Abyss:4  | Found a corrupted altar of Lugonu.
 48728 | Abyss:4  | Paralysed by accursed screaming for 1 turns
 48804 | Abyss:4  | Gained mutation: You are dopey. (Int -2) [a cacodemon]
 48866 | Abyss:4  | Reached skill level 1 in Air Magic
 49046 | Abyss:4  | Paralysed by accursed screaming for 1 turns
 49059 | Depths:3 | Escaped the Abyss
 49143 | Depths:3 | Voluntarily entered the Abyss.
 49143 | Abyss:4  | Found a corrupted altar of Lugonu.
 49221 | Abyss:4  | Found a corrupted altar of Lugonu.
 49281 | Abyss:4  | Paralysed by accursed screaming for 1 turns
 49344 | Abyss:4  | Found a corrupted altar of Lugonu.
 49345 | Abyss:4  | Paralysed by accursed screaming for 1 turns
 49355 | Abyss:4  | Reached skill level 5 in Translocations
 49386 | Abyss:4  | Paralysed by accursed screaming for 1 turns
 49413 | Depths:3 | Escaped the Abyss
 49523 | Depths:3 | Voluntarily entered the Abyss.
 49554 | Abyss:4  | Found a transporter.
 49580 | Abyss:4  | Found a transporter.
 49591 | Abyss:4  | Got an abyssal rune of Zot
 49648 | Depths:3 | Escaped the Abyss
 49654 | Depths:3 | Lost mutation: You possess an exceptional clarity of mind.
                  | [potion of mutation]
 49654 | Depths:3 | Lost mutation: Potions are less effective at restoring your
                  | health. [potion of mutation]
 49654 | Depths:3 | Lost mutation: Your skin changes colour to match your
                  | surroundings (Stealth+). [potion of mutation]
 49654 | Depths:3 | Gained mutation: You are very frail. (-20% HP) [potion of
                  | mutation]
 49654 | Depths:3 | Gained mutation: You are strong-willed. (Will+) [potion of
                  | mutation]
 49654 | Depths:3 | Gained mutation: Your system is resistant to poisons.
                  | (rPois) [potion of mutation]
 49809 | D:12     | Lost mutation: You are very frail. (-20% HP) [potion of
                  | mutation]
 49809 | D:12     | Lost mutation: You are dopey. (Int -2) [potion of mutation]
 49809 | D:12     | Gained mutation: You have a pair of small antennae on your
                  | head. [potion of mutation]
 49809 | D:12     | Gained mutation: Your skin changes colour to match your
                  | surroundings (Stealth+). [potion of mutation]
 49943 | Vaults:3 | Lost mutation: Your system is resistant to poisons. (rPois)
                  | [potion of mutation]
 49943 | Vaults:3 | Lost mutation: You are vulnerable to heat. (rF-) [potion of
                  | mutation]
 49943 | Vaults:3 | Gained mutation: You have a pair of antennae on your head.
                  | [potion of mutation]
 49943 | Vaults:3 | Gained mutation: You have a pair of large antennae on your
                  | head. (SInv) [potion of mutation]
 50246 | Zot:1    | Entered Level 1 of the Realm of Zot
 51429 | Zot:2    | You fall into a shaft and drop 1 floor!
 51571 | Zot:3    | Gained mutation: You occasionally lose the ability to read
                  | scrolls when taking damage. [mutagenic glow]
 51586 | Zot:3    | Gained mutation: Your muscles are strong. (Str +4, Int/Dex
                  | -1) [mutagenic glow]
 51634 | Zot:3    | Reached skill level 27 in Stealth
 51841 | Zot:3    | Identified the +5 chain mail "Etat" {*Corrode rC- rN+++
                  | Str+6}
 52195 | Zot:3    | Found a runed translucent gate.
 52195 | Zot:3    | Found a runed translucent gate.
 52196 | Zot:3    | Found a runed translucent gate.
 52196 | Zot:3    | Noticed Bealaq's ghost (legendary GnFE)
 52645 | Zot:3    | Noticed an orb of fire
 52653 | Zot:3    | Killed an orb of fire
 53243 | Zot:4    | Reached skill level 5 in Air Magic
 53648 | Vaults:2 | Bought the +0 pair of boots "Pimostrag" {rF++} for 609 gold
                  | pieces
 54231 | Crypt:1  | Killed a dread lich
 54252 | Crypt:1  | Identified the +5 battleaxe of Fear {holy, Fly rC- rN+
                  | SInv}
 54255 | Crypt:1  | Identified the +0 scimitar "Naduoteps" {elec, rElec rC-
                  | rCorr Str+2}
 54256 | Crypt:1  | Identified the +0 cloak "Lyma" {*Corrode rPois Str+7 Dex-5}
 54881 | Zot:4    | Reached skill level 1 in Armour
 55034 | Zot:4    | Identified the ring "Tozxiol" {Ice Dex+3}
 55034 | Zot:4    | Noticed Josephina
 55038 | Zot:4    | Killed Josephina
 55575 | Zot:5    | Entered Level 5 of the Realm of Zot
 55644 | Zot:5    | Noticed a dread lich
 55647 | Zot:5    | Noticed a dread lich
 55665 | Zot:5    | Noticed an orb of fire
 55678 | Zot:5    | Noticed a dread lich
 55684 | Zot:5    | Killed a dread lich
 56193 | Zot:5    | Killed a dread lich
 56194 | Zot:5    | Reached skill level 27 in Shapeshifting
 56206 | Zot:5    | Killed a dread lich
 56467 | Zot:5    | Killed an orb of fire
 56472 | Zot:5    | Noticed an orb of fire
 56473 | Zot:5    | Reached skill level 10 in Spellcasting
 56483 | Zot:5    | Killed an orb of fire
 56497 | Zot:5    | Noticed an orb of fire
 56506 | Zot:5    | Noticed an ancient lich
 56510 | Zot:5    | Killed an orb of fire
 56515 | Zot:5    | Killed an ancient lich
 56546 | Zot:5    | Noticed an orb of fire
 56562 | Zot:5    | Killed an orb of fire
 56563 | Zot:5    | Reached skill level 5 in Armour
 57098 | Elf:3    | Bought a potion of mutation for 104 gold pieces
 57098 | Elf:3    | Lost mutation: Your muscles are strong. (Str +4, Int/Dex
                  | -1) [potion of mutation]
 57098 | Elf:3    | Lost mutation: You are frail. (-10% HP) [potion of
                  | mutation]
 57098 | Elf:3    | Lost mutation: Your skin changes colour to match your
                  | surroundings (Stealth+). [potion of mutation]
 57098 | Elf:3    | Gained mutation: You are highly strong-willed. (Will++)
                  | [potion of mutation]
 57098 | Elf:3    | Lost mutation: You have a pair of large antennae on your
                  | head. (SInv) [potion of mutation]
 57098 | Elf:3    | Gained mutation: You occasionally shout uncontrollably at
                  | your foes. [potion of mutation]
 57099 | Elf:3    | Lost mutation: You are highly strong-willed. (Will++)
                  | [potion of mutation]
 57099 | Elf:3    | Lost mutation: You are agile. (Dex +4, Str/Int -1) [potion
                  | of mutation]
 57099 | Elf:3    | Lost mutation: You have a pair of antennae on your head.
                  | [potion of mutation]
 57099 | Elf:3    | Gained mutation: You are highly strong-willed. (Will++)
                  | [potion of mutation]
 57392 | Hell     | Entered the Vestibule of Hell
 57392 | Hell     | Noticed Geryon
 57925 | Hell     | Killed Geryon
 57963 | Hell     | Found a gateway to the freezing wastes of Cocytus.
 58092 | Hell     | Found a gateway to the ashen valley of Gehenna.
 58133 | Hell     | Found a gateway to the Iron City of Dis.
 58267 | Hell     | Found a gateway to the decaying netherworld of Tartarus.
 58417 | Tomb:3   | Identified the "Conid"
 58417 | Tar:1    | Entered Level 1 of Tartarus
 58474 | Tar:1    | HP: 11/226 [putrid mouth (5)]
 58477 | Tar:1    | HP: 4/226 [doom hound (9)]
 58477 | Tar:1    | Slain by a doom hound

Illustrated notes

Levels and vault maps discovered:
D:1:      eino_arrival_water_star, layout_rooms, minmay_curled_crystal
D:2:      layout_loops_ring
D:3:      layout_basic, uniq_robin, uniq_crazy_yiuf_cottage, uniq_sigmund
D:4:      dreamdust_elfheim, layout_basic, minmay_temple_entry_gardened_gates,
          serial_shops, nicolae_shop_advertising_works
          [nicolae_subvault_shop_adworks]
D:5:      layout_gridville, jmf_multi_god_temple2, dreamdust_princess_bridge
D:6:      layout_loops_cross, nicolae_kite_square_tiling_tiny, uniq_duvessa
D:7:      layout_cave_pools, gammafunk_ghost_split
D:8:      layout_basic, minitemple, lair_entry_dummy, gammafunk_ghost_cemetery,
          serial_corexii_hall, corexii_hall_statues_l, corexii_hall_statues_u,
          chequers_hall_statues_wall_a, chequers_hall_statues_corner_a,
          chequers_hall_statues_y, corexii_hall_statues_u, uniq_joseph
D:9:      minmay_general_purpose_star, layout_irregular_city,
          amcnicky_altar_gilded
D:10:     kennysheep_ambush_hall, layout_loops_ring
D:11:     layout_loops_ring, nicolae_figureground_sparkle
D:12:     layout_rooms, hiddenorc1_lemuel, serial_park_tiny_2, uniq_sonja,
          uniq_snorg
D:13:     layout_cave_pools, skrybe_vaults_entry_preservation,
          serial_column_ruins, column_ruins_columns_water,
          column_ruins_open_tiny, column_ruins_open_tiny,
          column_ruins_open_tiny, column_ruins_corridor_dead_end,
          column_ruins_open_tiny, uniq_rupert
D:14:     layout_roguey
D:15:     hangedman_depths_entry_civil_slaughter, layout_rooms,
          minmay_misc_feat_chi, minmay_misc_feat_four_crosses, uniq_jorgrun,
          uniq_roxanne
Temple:   nicolae_temple_slightly_damp_pantheon
Lair:1:   beast_lair_carwin_large_3, layout_chaotic_city, grunt_megastairs_4
Lair:2:   layout_regular_city, mainiacjoe_swamp_entry_angry_trees,
          chequers_serial_rivers_micro_c, bobbens_dragon_lair_wall,
          uniq_nergalle
Lair:3:   layout_long_grid, guppyfry_snake_entry_island,
          portal_ice_cave_entry_pillars_2, ice2_lemuel, grunt_megastairs_2
Lair:4:   layout_layer_cave
Lair:5:   cheibrodos_lair_end_hotspot, layout_small_grid,
          minmay_slime_entry_jelly_boxes
Swamp:1:  layout_basic_swamp, evilmike_swamp_ruin_house_2, swamp_pool_1_2,
          nicolae_swamp_super_fun_site
Swamp:2:  layout_falls_marsh, gammafunk_ghost_grave,
          evilmike_swamp_ruin_house_4, uniq_louise
Swamp:3:  layout_basic_swamp, nicolae_swamp_dense_foliage
Swamp:4:  swamp_basic_johnstein, layout_basic_swamp, uniq_donald
Snake:1:  gammafunk_the_bubble [the_bubble_gammafunk_grid], layout_gridlike,
          serial_shops, shop, ebering_ghost_reflecting_pool
Snake:2:  layout_grid_shapes, nicolae_integral_box, serial_bayou_shore_a
Snake:3:  layout_misc_corridors, minmay_shop_star, lemuel_fruit_tree
Snake:4:  snake_pit, layout_gridlike
Slime:1:  layout_caves
Slime:2:  layout_caves
Slime:3:  layout_caves, nicolae_slime_barrier, nicolae_slime_round_cave
Slime:4:  layout_caves
Slime:5:  slime_pit_nicolae_amoeboid
Orc:1:    layout_diamond_mine, mines3_lemuel
Orc:2:    st_orc_ogre_mass, layout_caves, uniq_urug
Elf:1:    elf_arrival_001, layout_loops_cross, minmay_elf_necromancy,
          lemuel_statue_altar, eino_tiny_chamber, uniq_frances
Elf:2:    nicolae_elf_blades_crystal_corner, layout_rooms
Elf:3:    grunt_elf_hall_branching, layout_loops_cross, serial_shops,
          nicolae_square_shop
Vaults:1: v_misc_1, vaults_mumra_minichess_inversion, hangedman_vaults_nails,
          nicolae_vaults_lightning_bolt, v_misc_17, hangedman_vaults_impose,
          nicolae_vaults_big_ls, v_misc_18, nicolae_vaults_little_guard_posts,
          vaults_room_grunt_arrival_ludios, v_alt_pattern_1,
          nicolae_vaults_trapezoid_lopsided_1,
          nicolae_vaults_trapezoid_lopsided_1, layout_vaults_omnicross
Vaults:2: nicolae_vaults_tetromino_Z_2, vaults_standard_mumra_lines,
          ontoclasm_vaults_claustrophobia, nicolae_vaults_trapezoid_lopsided_3,
          nicolae_vaults_taking_the_gang_shopping,
          nicolae_vaults_little_squares_6, st_hourglassy,
          nicolae_vaults_little_squares_3, nicolae_vaults_shelves_hall,
          vaults_room_corners, layout_vaults_quadrants, serial_shops, shop
Vaults:3: ontoclasm_vaults_shuriken, minmay_crypt_entry_simple_corners,
          v_misc_15, v_pattern_5, nicolae_vaults_trapezoid_3,
          vaults_room_hangedman_quadrants, nicolae_vaults_tetromino_L_2,
          layout_vaults_big_room, uniq_margery, uniq_aizul
Vaults:4: mu_enter_wizlab_1, nicolae_vaults_house_2,
          nicolae_vaults_heart-shaped_vault, vaults_mumra_hexcomb, v_misc_30,
          nicolae_vaults_arrows, hangedman_vaults_river_flow, v_rooms_1,
          hangedman_vaults_corner_blocks, ontoclasm_vaults_ring_square,
          v_alt_pattern_1, v_misc_25, nicolae_vaults_trapezoid_4,
          layout_vaults_maze, serial_shops, nicolae_shop_peninsula
Vaults:5
Crypt:1:  gammafunk_sealed_arena, layout_chaotic_city
Crypt:2:  layout_gridlike
Crypt:3:  church_of_pain_bobbens, layout_chaotic_city, due_unseen_surprise
Depths:1: layout_basic, grunt_metal_band, nrook_campfire, serial_bayou_lake_a,
          infiniplex_staircase_pool_lava
Depths:2: regret_index_qazlal_generations, layout_basic,
          grunt_pan_entry_sceptre, hell_entry, serial_bayou_shore_b
Depths:3: minmay_the_grid_triangle_9x9_line_8_mashed
          [minmay_the_grid_triangle_9x9_skeleton,
          minmay_the_grid_triangle_9x9_subtriangle,
          minmay_the_grid_triangle_9x9_descending_squares,
          minmay_the_grid_triangle_9x9_shrine,
          minmay_the_grid_triangle_9x9_thin_v,
          minmay_the_grid_triangle_9x9_checkered,
          minmay_the_grid_triangle_9x9_stretched_checkered,
          minmay_the_grid_triangle_9x9_prize_top_heavy], layout_cross,
          enter_ziggurat_c, nicolae_abyss_entry_one_way_or_another, hell_entry,
          gammafunk_ghost_split, serial_sigils, serial_sigils_hangedman_leer,
          serial_sigils_hangedman_gut, serial_sigils_hangedman_clutch,
          serial_sigils_hangedman_quiver, xom_redecorated,
          infiniplex_staircase_zigzag_3
Depths:4: hangedman_slaughterboxes, hell_entry, pan_entry
Hell
Tar:1:    layout_honeycomb, evilmike_ambush [evilmike_ambush_outer_doors,
          evilmike_ambush_inner_wall_1]
Zot:1:    layout_gridlike, hangedman_zot_decor_slant, grunt_ministairs_9,
          lemuel_flame_loot_1
Zot:2:    layout_gridlike, regret_index_zotdec_bone_old,
          regret_index_zotdec_wing_it
Zot:3:    layout_cathedral_of_symmetry, gammafunk_ghost_ooze,
          hellmonk_greenhouse_of_terror
Zot:4:    layout_onion_interference, uniq_josephina
Zot:5:    layout_misc_corridors

Skill      XL: |  1  2  3  4  5  6  7  8  9 10 11 12 13 14 15 16 17 18 19 20 21 22 23 24 25 26 27 |
---------------+----------------------------------------------------------------------------------+-----
Unarmed Combat | 4 5 6 7 8 10 11 13 14 15 17 18 19 21 22 24 25 27 | 27.0
Shapeshifting  | 5 6 8 10 11 12 14 15 17 18 19 20 21 22 23 25 27 | 27.0
Fighting       | 2 3 5 6 7 8 9 11 13 14 16 20 | 20.7
Dodging        | 3 4 5 6 7 9 11 12 13 15 16 17 18 20 21 24 27 | 27.0
Throwing       | 1 3 5 7 8 9 10 | 10.2
Evocations     | 1 2 |  2.2
Stealth        | 2 3 4 5 6 7 8 10 11 13 14 16 17 19 27 | 27.0
Shields        | 2 4 5 6 7 12 16 18 | 18.0
Ice Magic      | 3 |  3.8
Spellcasting   | 10 | 10.8
Translocations | 9 |  9.2
Air Magic      | 8 |  8.0
Armour         | 6 |  6.9

Action                     |  1- 3 |  4- 6 |  7- 9 | 10-12 | 13-15 | 16-18 | 19-21 | 22-24 | 25-27 || total
---------------------------+-------+-------+-------+-------+-------+-------+-------+-------+-------++-------
  Melee: Unarmed           |    88 |   102 |   271 |   364 |  1009 |  1111 |  1256 |  1729 |  4158 || 10088
         Tailslap          |     1 |       |       |       |     2 |       |       |     2 |     6 ||    11
         Punch             |     2 |     4 |     4 |     7 |       |       |       |       |       ||    17
         Maw               |       |       |     5 |    79 |       |       |       |       |       ||    84
  Throw: Boomerang         |       |       |       |    73 |    41 |    37 |    22 |       |       ||   173
         Dart              |       |       |       |     6 |     9 |       |       |     1 |       ||    16
         Javelin           |       |       |       |       |     1 |    14 |     1 |    12 |       ||    28
   Cast: Ozocubu's Armour  |       |       |       |       |       |       |       |       |     1 ||     1
 Invoke: Serpent's Lash    |       |       |       |       |     2 |     5 |    21 |     7 |    13 ||    48
         Heavenly Storm    |       |       |       |       |     2 |     1 |     2 |     2 |     4 ||    11
Ability: Lunge             |       |    10 |    38 |    61 |    82 |   122 |   127 |   163 |   300 ||   903
         Whirlwind         |       |       |    25 |    29 |   339 |   266 |   365 |   348 |  1096 ||  2468
         Wall Jump         |       |       |     4 |    10 |    29 |    15 |    15 |     6 |    20 ||    99
         Begin Untransform |       |       |     1 |       |       |       |       |       |     1 ||     2
  Evoke: Wand              |       |       |       |    11 |       |       |       |       |     2 ||    13
         Lightning rod     |       |       |       |       |     3 |     2 |       |     1 |       ||     6
    Use: Potion            |       |     4 |     3 |     3 |       |     1 |     1 |     2 |    12 ||    26
         Scroll            |       |     5 |    10 |     6 |     4 |     6 |     2 |     1 |     7 ||    41
   Stab: Distracted        |       |     1 |       |     1 |       |     3 |     3 |    12 |    33 ||    53
         Sleeping          |       |       |       |     6 |     9 |    17 |    23 |    25 |    75 ||   155
         Paralysed         |       |       |       |       |       |       |       |     1 |       ||     1
 Armour: Animal skin       |    13 |       |       |       |       |       |       |       |       ||    13
         Ring mail         |    28 |    41 |    53 |       |       |       |       |       |       ||   122
         Skin              |       |    11 |     5 |   162 |   502 |   539 |   417 |   534 |   868 ||  3038
         Steam dragon scal |       |       |    68 |       |       |       |       |       |       ||    68
         Scale mail        |       |       |       |       |       |       |       |       |   372 ||   372
  Dodge: Dodged            |    48 |    36 |   134 |   190 |   661 |   842 |   709 |  1155 |  2763 ||  6538
  Block: Buckler           |       |       |       |    59 |   225 |   292 |   206 |   313 |       ||  1095
         Kite shield       |       |       |       |       |       |       |       |    51 |  2148 ||  2199
         Reflection        |       |       |       |       |       |       |       |       |    50 ||    50
   Form: Flux              |       |       |     1 |       |       |       |       |       |       ||     1
         Maw               |       |       |     1 |       |       |       |       |       |       ||     1
         Statue            |       |       |       |     1 |     1 |       |       |       |       ||     2
         Death             |       |       |       |       |       |       |       |       |     2 ||     2

Table legend: (Time is in decaauts)
 A = Elapsed time spent in this place.
 B = Non-inter-level travel time spent in this place.
 C = Inter-level travel time spent in this place.
 D = Time resting spent in this place.
 E = Time spent auto-exploring this place.
 F = Levels seen in this place.
 G = Mean time per level.
                   A        B        C        D        E       F      G
               +--------+--------+--------+--------+--------+-----+--------+
         Total |  76718 |  64604 |  12114 |   7126 |  31271 |  66 | 1162.4 |
       Dungeon |  17482 |  13702 |   3780 |   2547 |   7163 |  15 | 1165.5 |
        Temple |     34 |     25 |      9 |      0 |      0 |   1 |   34.0 |
          Lair |   9639 |   8115 |   1524 |   1159 |   4079 |   5 | 1927.8 |
         Swamp |   3274 |   2844 |    430 |    288 |   1305 |   4 |  818.5 |
     Snake Pit |   5237 |   4782 |    455 |    238 |   2638 |   4 | 1309.2 |
    Slime Pits |   1199 |   1134 |     65 |     43 |     43 |   5 |  239.8 |
  Orcish Mines |   1829 |   1422 |    407 |     36 |    958 |   2 |  914.5 |
   Elven Halls |   3984 |   3400 |    584 |    192 |   1407 |   3 | 1328.0 |
        Vaults |  10567 |   8431 |   2136 |    322 |   4752 |   5 | 2113.4 |
         Crypt |   4192 |   3607 |    585 |     73 |   2040 |   3 | 1397.3 |
        Depths |   8108 |   6553 |   1555 |    890 |   3143 |   4 | 2027.0 |
          Hell |    584 |    584 |      0 |     95 |    164 |   1 |  584.0 |
      Tartarus |     44 |     44 |      0 |      0 |      0 |   1 |   44.0 |
           Zot |   6484 |   5905 |    579 |    657 |   3263 |   5 | 1296.8 |
         Abyss |   2786 |   2786 |      0 |    457 |      0 |   6 |  464.3 |
      Ice Cave |    533 |    533 |      0 |     81 |     80 |   1 |  533.0 |
        Wizlab |    734 |    734 |      0 |     44 |    229 |   1 |  734.0 |
               +--------+--------+--------+--------+--------+-----+--------+

Top non-repeatable levels by time:
Vaults:2: 2554 daAuts
  Lair:2: 2397 daAuts
Vaults:1: 2366 daAuts
Depths:3: 2304 daAuts
Depths:4: 2280 daAuts
  Lair:3: 2070 daAuts
Vaults:3: 2058 daAuts
   Zot:3: 2025 daAuts
  Lair:5: 1988 daAuts
    D:12: 1951 daAuts
Vaults:5: 1901 daAuts
 Abyss:4: 1780 daAuts
Depths:1: 1776 daAuts
  Lair:1: 1755 daAuts
Depths:2: 1746 daAuts
